 Dungeon Crawl Stone Soup version 0.22-a0-284-g99d1f74 (webtiles) character file.

942 ryw the Conjurer (level 7, -2/58 HPs)
             Began as a Demigod Wanderer on Mar 21, 2018.
             Slain by a killer bee (5 damage)
             ... on level 4 of the Dungeon.
             The game lasted 00:15:41 (6491 turns).

ryw the Conjurer (Demigod Wanderer)                 Turns: 6491, Time: 00:15:42

Health: -2/58      AC:  2    Str: 14    XL:     7   Next: 57%
Magic:  0/12       EV: 13    Int: 22    God:
Gold:   137        SH:  0    Dex: 14    Spells: 6/9 levels left

rFire    + + .     SeeInvis .   u - +0 falchion
rCold    + . .     Gourm    .   (no shield)
rNeg     . . .     Faith    .   c - +0 robe
rPois    +         Spirit   +   (helmet restricted)
rElec    +         Reflect  .   j - scarf {Spirit}
rCorr    +         Harm     .   (no gloves)
MR       .....                  (no boots)
Stlth    ++........             (no amulet)
HPRegen  0.19/turn              q - ring of protection from fire
MPRegen  0.13/turn              (no ring)

@: lethally poisoned (-2 -> -3), resistant, hasted, very quick
A: horns 2, high mp 1, screaming 1
a: no special abilities


You were on level 4 of the Dungeon.
You were not hungry.

You visited 1 branch of the dungeon, and saw 5 of its levels.

You collected 137 gold pieces.

Inventory:

Hand Weapons
 u - a +0 falchion (weapon)
   (You found it on level 4 of the Dungeon)
Missiles
 n - 21 javelins (quivered)
 r - 8 tomahawks
Armour
 c - a +0 robe (worn)
 h - a +0 helmet
   (You took it off Robin on level 3 of the Dungeon)
 j - a scarf of spirit shield (worn)
   (You found it on level 1 of the Dungeon)
Jewellery
 q - a ring of protection from fire (left hand)
   (You found it on level 3 of the Dungeon)
Wands
 l - a wand of polymorph (2)
   (You took it off Robin on level 3 of the Dungeon)
Scrolls
 a - a scroll of enchant armour {unknown}
 d - 5 scrolls of teleportation {unknown}
 f - 5 scrolls of identify {unknown}
 g - 2 scrolls of remove curse {unknown}
 i - a scroll of amnesia {unknown}
 t - a scroll of noise {unknown}
Potions
 m - a potion of flight {unknown}
 o - a potion of might {unknown}
Comestibles
 e - 7 rations


   Skills:
 - Level 3.9 Fighting
 - Level 2.1 Throwing
 - Level 3.3 Dodging
 - Level 1.0 Stealth
   Level 1.7 Shields
 - Level 1.7 Spellcasting
 + Level 5.9 Conjurations
 - Level 1.0 Air Magic
   Level 1.7 Poison Magic


You had 6 spell levels left.
You knew the following spells:

 Your Spells              Type           Power        Failure   Level  Hunger
a - Shock                 Conj/Air       ###.         3%          1    #......
s - Swiftness             Chrm/Air       #.......     17%         2    ###....


Dungeon Overview and Level Annotations

Branches:
Dungeon (5/15)
 Temple: D:4-7

Annotations:
D:4 holliwood's ghost, amateur FoAK


Innate Abilities, Weirdness & Mutations

You have an increased reservoir of magic. (+10% MP)
You have a pair of horns on your head.
You occasionally shout uncontrollably at your foes.


Message History

You are poisoned.
The killer bee poisons you!
The zap misses the killer bee.
You feel sick. The killer bee completely misses you.
The killer bee barely misses you.
The zap hits the killer bee.
The killer bee buzzes angrily.
You feel sick. The killer bee closely misses you.
You riposte.
You closely miss the killer bee.
The killer bee stings you but does no damage.
You don't have enough magic to cast that spell.
You don't have enough magic to cast that spell.
Unknown command.
The killer bee stings you.
You climb upwards.
Level annotation: holliwood's ghost, amateur FoAK You feel sick.
There is a stone staircase leading down here.
You miss the killer bee.
You feel sick. The killer bee stings you.
* * * LOW HITPOINT WARNING * * *
The killer bee misses you.
You riposte.
You barely miss the killer bee.
Okay, then.
The killer bee barely misses you.
You feel sick. The killer bee closely misses you.
You riposte.
You barely miss the killer bee. The killer bee stings you.
* * * LOW HITPOINT WARNING * * *
You don't have enough magic to cast that spell.
The killer bee completely misses you.
You don't have enough magic to cast that spell.
You closely miss the killer bee.
You feel sick. The killer bee barely misses you.
The killer bee completely misses you. The killer bee closely misses you.
You riposte.
You miss the killer bee. You barely miss the killer bee.
The killer bee stings you.
* * * LOW HITPOINT WARNING * * *
The killer bee misses you.
It was a potion of mutation.
You feel extremely strange. A pair of horns grows on your head!
Your +0 helmet falls away!
You feel the urge to shout. The horns on your head grow some more.
You feel sick. The killer bee misses you.
The killer bee stings you but does no damage.
It was a potion of resistance.
You feel protected. The killer bee stings you!
* * * LOW HITPOINT WARNING * * *
The killer bee stings you!
* * * LOW HITPOINT WARNING * * *
It was a potion of haste.
You feel yourself speed up. The killer bee closely misses you.
The killer bee stings you.
You die...

#...>......##)# ###...#..
#...#########.# ##.#...#..
#.### #.###..#...#.. #.#
#...<..#...#.) #.#
#..##<.#...#.. #<#
#..##.##...#.. #.#
#....#.#...#..
#.############.##.##...##.
#........@y..>.....#....#o
#.#####.######.##.###...#.
#.# #.# #...#.# #..... #.#
#.# #..##.# #..... #.#
##.## #.###.# #...## #.#
#...# #.# #.# #####. #.#
##.## #.###.####.... #.#
#.# #(.......#....
#.#####.# #####.#####...


You could see a killer bee.

Vanquished Creatures
  Sigmund (D:2)
  Menkaure (D:5)
  A scorpion (D:3)
  3 killer bees (D:5)
  An orc wizard (D:4)
  A centaur skeleton (D:4)
  An orc priest (D:4)
  A bullfrog skeleton (D:5)
  4 hounds (D:4)
  5 worker ants (D:4)
  Robin (D:3)
  2 adders
  An adder skeleton (D:4)
  A dart slug (D:2)
  4 worms
  A leopard gecko (D:1)
  11 orcs
  7 bats
  A giant cockroach (D:4)
  13 goblins
  11 hobgoblins
  4 jackals (D:1)
  3 kobolds
  2 quokkas (D:4)
  2 ball pythons (D:2)
  4 frilled lizards
  9 rats
96 creatures vanquished.

Notes
Turn   | Place    | Note
-------+----------+-------------------------------------------
     0 | D:1      | ryw the Demigod Wanderer began the quest for the Orb.
     0 | D:1      | ryw set off with: a potion of lignification {!q}, a +0 robe, a +0 club, a ration
     0 | D:1      | Reached XP level 1. HP: 17/17 MP: 5/5
     2 | D:1      | Learned a level 1 spell: Shock
   478 | D:1      | Reached skill level 1 in Conjurations
   555 | D:1      | Reached XP level 2. HP: 22/24 MP: 5/7
  1438 | D:2      | Found an ancient bone altar of Kikubaaqudgha.
  1476 | D:2      | Reached XP level 3. HP: 28/30 MP: 6/8
  1480 | D:2      | Learned a level 2 spell: Swiftness
  1522 | D:2      | Noticed Sigmund
  1560 | D:2      | Killed Sigmund
  1560 | D:2      | Reached skill level 3 in Conjurations
  1560 | D:2      | Reached XP level 4. HP: 34/40 MP: 5/9
  1560 | D:2      | Reached XP level 5. HP: 39/46 MP: 5/10
  1978 | D:2      | Found a burning altar of Makhleb.
  1978 | D:2      | Found a bloodstained altar of Trog.
  2072 | D:2      | Found a radiant altar of Vehumet.
  2400 | D:3      | Noticed Robin
  2458 | D:3      | Killed Robin
  2459 | D:3      | Reached skill level 1 in Throwing
  3718 | D:4      | Noticed holliwood's ghost (amateur FoAK)
  4072 | D:4      | Reached skill level 1 in Dodging
  4080 | D:4      | Reached XP level 6. HP: 20/52 MP: 2/11
  5239 | D:4      | Found a shattered altar of Ashenzari.
  5317 | D:4      | Reached skill level 4 in Conjurations
  5678 | D:4      | Reached XP level 7. HP: 51/58 MP: 5/12
  5934 | D:5      | Entered Level 5 of the Dungeon
  5934 | D:5      | Noticed Menkaure
  5943 | D:5      | Killed Menkaure
  5943 | D:5      | Reached skill level 5 in Conjurations
  6489 | D:4      | Gained mutation: You have a pair of small horns on your head. [potion of mutation]
  6489 | D:4      | Gained mutation: You occasionally shout uncontrollably at your foes. [potion of mutation]
  6489 | D:4      | Gained mutation: You have a pair of horns on your head. [potion of mutation]
  6491 | D:4      | Slain by a killer bee

Vault maps used:
D:1:      eino_arrival_cavern_e
D:2:      kiku_gazebo_garden_becter, vehumet_crystals,
          gammafunk_temple_overflow_elements, minivault_26, uniq_sigmund
D:3:      uniq_robin
D:4:      kennysheep_spiral_hall, kennysheep_mini_moat
D:5:      nicolae_ru_awakened_eye, grunt_temple_overflow_cloverleaf,
          first_ration, nicolae_sextant, grunt_decor_arrowhead, uniq_menkaure

Skill      XL: |  1  2  3  4  5  6  7 |
---------------+----------------------+-----
Fighting       | 2 3 |  3.9
Conjurations   | 1 3 4 5 |  5.9
Throwing       | 2 |  2.1
Dodging        | 1 3 |  3.3
Stealth        | |  1.0
Shields        | |  1.7
Spellcasting   | |  1.7
Air Magic      | |  1.0
Poison Magic   | |  1.7

Action                   |  1- 3 |  4- 6 |  7- 9 || total
-------------------------+-------+-------+-------++-------
Melee: Club              |    51 |    75 |       ||   126
       Flail             |       |    85 |       ||    85
       Falchion          |       |    12 |     4 ||    16
Throw: Javelin           |    15 |    37 |       ||    52
 Cast: Shock             |    45 |    73 |    48 ||   166
  Use: Potion            |       |     4 |     3 ||     7
 Stab: Sleeping          |       |     2 |       ||     2
  Eat: Chunk             |     3 |     7 |     1 ||    11
       Ration            |       |     2 |     1 ||     3
Armor: Robe              |    29 |    42 |     5 ||    76
       Skin              |       |    14 |       ||    14
Dodge: Dodged            |    72 |   155 |    46 ||   273
       Rpst.: Falchion   |       |     9 |    15 ||    24

Table legend:
 A = Spawn XP
 B = Non-spawn XP
 C = Spawn XP percentage of total XP
 D = Spawn monster count
 E = Non-spawn monster count
 F = Spawn count percentage of total count
 G = Total turns spent on level
                    A         B        C        D         E        F      G
               +---------+---------+-------+---------+---------+-------+---------
         Total |       0 |    1346 |   0.0 |       0 |      96 |   0.0 |  6491
               +---------+---------+-------+---------+---------+-------+---------
           D:1 |       0 |      41 |   0.0 |       0 |      25 |   0.0 |  1431
           D:2 |       0 |     248 |   0.0 |       0 |      15 |   0.0 |   898
           D:3 |       0 |     139 |   0.0 |       0 |      25 |   0.0 |  2076
           D:4 |       0 |     510 |   0.0 |       0 |      25 |   0.0 |  1868
           D:5 |       0 |     408 |   0.0 |       0 |       6 |   0.0 |   218
               +---------+---------+-------+---------+---------+-------+---------
